 Dungeon Crawl Stone Soup version 0.28-a0-1555-g9ae15a6949 (webtiles) character file.

Game seed: 3324331826187917315

31 HallandMoats the Skirmisher (level 3, 0/33 HPs)
             Began as a Ghoul Monk on Jan 18, 2022.
             Was a Believer of Kikubaaqudgha.
             Constricted to death by a ball python (1 damage)
             ... on level 2 of the Dungeon.
             The game lasted 00:01:26 (1184 turns).

HallandMoats the Skirmisher (Ghoul Monk)            Turns: 1184, Time: 00:01:27

Health: 0/33       AC:  5    Str: 16    XL:     3   Next: 22%
Magic:  2/2        EV:  8    Int:  5    God:    Kikubaaqudgha [**....]
Gold:   62         SH:  0    Dex: 11    Spells: 2/2 levels left

rFire   . . .      SeeInvis .     - Unarmed
rCold   + . .      Faith    .   (no shield)
rNeg    + + +      Spirit   .   d - +0 ring mail
rPois   ∞          Reflect  .   (no helmet)
rElec   .          Harm     .   (no cloak)
rCorr   .          Rampage  .   (no gloves)
Will    .....                   (no boots)
Stlth   +.........              (no amulet)
HPRegen 0.00/turn               (no ring)
MPRegen 0.08/turn               (no ring)

@: inhibited regen, constricted
A: claws 1, cold resistance 1, negative energy resistance 3, inhibited
regeneration, torment resistance 2
a: Renounce Religion, Receive Corpses


You were on level 2 of the Dungeon.
You worshipped Kikubaaqudgha.
Kikubaaqudgha was pleased with you.
You visited 1 branch of the dungeon, and saw 2 of its levels.

You collected 62 gold pieces.

Inventory:

Armour
 d - a +0 ring mail (worn)
Scrolls
 a - a scroll of blinking {unknown}
 b - a scroll of silence {unknown}
 c - a scroll of brand weapon {unknown}


   Skills:
 * Level 3.7 Fighting
 * Level 1.1 Axes
 + Level 0.5 Armour
 + Level 2.9 Dodging
 - Level 2.1 Stealth
 - Level 3.2 Unarmed Combat
 + Level 0.7 Invocations


You had 2 spell levels left.
You didn't know any spells.
Your spell library contained the following spells:

 Spells                   Type           Power      Damage    Failure   Level
 Animate Skeleton         Necr           0%         N/A       71%         1
 Pain                     Necr           0%         1d4       71%         1
 Ignite Poison            Fire/Tmut/Pois 0%         N/A       97%         3
 Mephitic Cloud           Conj/Pois/Air  0%         N/A       97%         3
 Vampiric Draining        Necr           0%         2d6       97%         3
 Agony                    Necr           0%         N/A       100%        5
 Freezing Cloud           Conj/Ice/Air   0%         6-21      100%        5


Dungeon Overview and Level Annotations

Branches:
Dungeon (2/15)

Altars:
Kikubaaqudgha


Innate Abilities, Weirdness & Mutations

You thrive by killing the living.
You are immune to poison.
You have sharp fingernails.
Your flesh is cold resistant. (rC+)
You are immune to negative energy. (rN+++)
You do not regenerate when monsters are visible.
You are immune to unholy pain and torment.


Message History

The ball python bites you but does no damage.
The ball python constricts you. The hobgoblin barely misses you.
The ball python bites you but does no damage.
The ball python constricts you. The ball python closely misses you.
The ball python constricts you. The hobgoblin hits you.
The ball python bites you but does no damage.
The ball python constricts you. The hobgoblin closely misses you.
The ball python bites you but does no damage.
The ball python constricts you. The hobgoblin barely misses you.
The ball python bites you but does no damage.
The ball python constricts you. The hobgoblin closely misses you.
The ball python barely misses you. The ball python constricts you.
The hobgoblin hits you.
The ball python bites you but does no damage.
The ball python constricts you. The ball python barely misses you.
The ball python constricts you. The hobgoblin hits you.
* * * LOW HITPOINT WARNING * * *
The ball python completely misses you. The ball python constricts you.
* * * LOW HITPOINT WARNING * * *
The hobgoblin hits you but does no damage.
The ball python closely misses you. The ball python constricts you.
The hobgoblin hits you but does no damage.
The ball python bites you.
* * * LOW HITPOINT WARNING * * *
The ball python constricts you. The hobgoblin hits you.
* * * LOW HITPOINT WARNING * * *
The ball python bites you but does no damage.
The ball python constricts you. The hobgoblin barely misses you.
The ball python closely misses you. The ball python constricts you.
The ball python bites you but does no damage.
The ball python constricts you.
* * * LOW HITPOINT WARNING * * *
The hobgoblin hits you but does no damage.
The ball python bites you but does no damage.
The ball python constricts you.
The hobgoblin hits you but does no damage.
The ball python bites you but does no damage.
The ball python constricts you.
You die...
Kikubaaqudgha rasps: "You have failed me!
Welcome... oblivion!"

###### ##### #....#
#...< ##....# #.).. ##
.....## #.... ##..
......# ####..## ##...
♣.P.P.#####.##..#
#....♣♣S.♣............#
#.PP♣@♣♣P.########..#
#....g....########..#
#..♣.♣♣.............#
###.....P...<.##...#..#
............##....######
...........##...###
..........g##....#
........##.....†.#
.........#.......#


You could see a hobgoblin and a ball python.

Vanquished Creatures
  4 endoplasms (D:1)
  2 giant cockroaches (D:1)
  A hobgoblin (D:1)
  3 jackals (D:1)
  2 quokkas (D:1)
  5 ball pythons
  2 bats
  2 goblins (D:1)
  5 kobolds
  2 rats (D:1)
28 creatures vanquished.

Notes
Turn   | Place    | Note
-------+----------+-------------------------------------------
     0 | D:1      | HallandMoats the Ghoul Monk began the quest for the Orb.
     0 | D:1      | Reached XP level 1. HP: 19/19 MP: 0/0
   378 | D:1      | Reached XP level 2. HP: 12/26 MP: 1/1
   725 | D:1      | Reached skill level 1 in Axes
   741 | D:1      | Reached XP level 3. HP: 17/33 MP: 2/2
  1136 | D:2      | Found a faded altar of an unknown god.
  1157 | D:2      | Prayed at the altar of an unknown god.
  1157 | D:2      | Became a worshipper of Kikubaaqudgha
  1157 | D:2      | Reached * piety under Kikubaaqudgha
  1157 | D:2      | Received a gift from Kikubaaqudgha
  1157 | D:2      | Reached ** piety under Kikubaaqudgha
  1182 | D:2      | HP: 1/33 [constriction (1)]
  1184 | D:2      | Constricted to death by a ball python

Illustrated notes

Levels and vault maps discovered:
D:1:      psy_arrival_heroes, layout_loops_ring, minmay_misc_feat_alley
D:2:      layout_rooms, dreamdust_ecumenical_altar_grove,
          uniq_crazy_yiuf_cottage

Skill      XL: |  1  2 |
---------------+-------+-----
Axes           | 1 |  1.1
Fighting       | |  3.7
Armour         | |  0.5
Dodging        | |  2.9
Stealth        | |  2.1
Unarmed Combat | |  3.2
Invocations    | |  0.7

Action                   || total
-------------------------++-------
Melee: Unarmed           ||    95
       Punch             ||     3
 Stab: Sleeping          ||     1
Armor: Ring mail         ||    55
Dodge: Dodged            ||    86

Table legend: (Time is in decaauts)
 A = Elapsed time spent in this place.
 B = Non-inter-level travel time spent in this place.
 C = Inter-level travel time spent in this place.
 D = Time resting spent in this place.
 E = Time spent auto-exploring this place.
 F = Levels seen in this place.
 G = Mean time per level.
                   A        B        C        D        E       F      G
               +--------+--------+--------+--------+--------+-----+--------+
         Total |   1178 |   1166 |     12 |      0 |    944 |   2 |  589.0 |
       Dungeon |   1178 |   1166 |     12 |      0 |    944 |   2 |  589.0 |
               +--------+--------+--------+--------+--------+-----+--------+

Top non-repeatable levels by time:
     D:1: 1097 daAuts
     D:2: 81 daAuts
